 Dungeon Crawl Stone Soup version 0.17.1-1-g73c8601 (webtiles) character file.

601 Goblin1989 the Skirmisher (level 7, -5/48 HPs)
             Began as a Kobold Hunter on Dec 25, 2015.
             Was an Initiate of Cheibriados.
             Slain by an iguana (10 damage)
             ... on level 5 of the Dungeon.
             The game lasted 00:11:35 (4014 turns).

Goblin1989 the Skirmisher (Kobold Hunter)           Turns: 4014, Time: 00:11:35

Health: -5/48      AC:  5    Str: 12    XL:     7   Next: 69%
Magic:  7/7        EV: 14    Int: 10    God:    Cheibriados [......]
Gold:   162        SH:  0    Dex: 19    Spells: 0 memorised, 6 levels left

rFire  . . .     SeeInvis .     a - +1 hand crossbow
rCold  . . .     Clarity  .     A - +0 ring mail
rNeg   . . .     SustAt   .     (shield restricted)
rPois  .         Gourm    .     (no helmet)
rElec  .         Spirit   .     (no cloak)
rCorr  .         Warding  .     (no gloves)
rMut   .         Stasis   +     (no boots)
MR     .....                    q - amulet of stasis
Stlth  ++........               (no ring)
                                o - ring of flight

@: very slow, not resistant to hostile enchantments, unstealthy
A: carnivore 3
a: Bend Time, Renounce Religion, Evoke Flight


You were on level 5 of the Dungeon.
You worshipped Cheibriados.
Cheibriados was noncommittal.
You were very full.

You visited 1 branch of the dungeon, and saw 5 of its levels.

You collected 162 gold pieces.

Inventory:

Hand Weapons
 a - a +1 hand crossbow (weapon)
 b - a +0 short sword
Missiles
 d - 43 bolts (quivered)
 B - 4 bolts of flame
Armour
 A - a +0 ring mail (worn)
Jewellery
 o - a ring of flight (left hand)
 q - an amulet of stasis (around neck)
Wands
 k - a wand of polymorph (9)
 C - a wand of slowing (17)
Scrolls
 g - 2 scrolls of teleportation {unknown}
 i - 2 scrolls of magic mapping {unknown}
 n - 2 scrolls of enchant weapon {unknown}
 p - a scroll of amnesia {unknown}
 r - 2 scrolls of remove curse {unknown}
 s - 2 scrolls of fog {unknown}
 v - 3 scrolls of identify {unknown}
 x - a scroll of recharging {unknown}
 y - a scroll of immolation {unknown}
 z - 2 scrolls of noise {unknown}
Potions
 c - a potion of resistance {unknown}
 e - a potion of lignification {unknown}
 f - a potion of flight {unknown}
 h - a potion of might {unknown}
 l - a potion of brilliance {unknown}
 m - a potion of poison {unknown}
 t - a potion of heal wounds {unknown}
 w - a potion of berserk rage {unknown}
 D - a potion of cancellation
Comestibles
 u - a meat ration


   Skills:
 - Level 7.0 Fighting
 * Level 7.0 Crossbows
 + Level 3.2 Dodging
 + Level 2.1 Stealth


You had 6 spell levels left.
You didn't know any spells.

Dungeon Overview and Level Annotations

Branches:
Dungeon (5/15)             Temple (0/1) D:4

Altars:
Cheibriados
Nemelex Xobeh
Yredelemnul
The Shining One


Innate Abilities, Weirdness & Mutations

You are small and have problems with some larger weapons.
You are carnivorous and can eat meat at any time.


Message History

Okay, then.
Read which item? (? for menu, Esc to quit)
Okay, then.
Drink which item? (? for menu, Esc to quit)
It was a potion of cancellation.
You feel magically purged. The gnoll barely misses you.
The iguana barely misses you.
Firing (i - inventory. (,) - cycle):
d - 45 bolts (quivered)
Press: ? - help, Shift-Dir - straight line, f/p - iguana
Aim: an iguana (heavily wounded)
You shoot a bolt.
The bolt hits the iguana but does no damage.
The iguana is heavily wounded.
The gnoll hits you but does no damage. The iguana closely misses you.
Firing (i - inventory. (,) - cycle):
d - 44 bolts (quivered)
Press: ? - help, Shift-Dir - straight line, f/p - iguana
Aim: an iguana (heavily wounded)
You shoot a bolt. The bolt closely misses the iguana.
The bolt closely misses the gnoll.
The gnoll barely misses you. The iguana bites you!
You die...

.$.## #.#..# .#$#.8.
.....##....# .#$#.+.
.. #....##.# .#$#.8.
...#.......##.#$#.#.
..............#$#.#..
..........#.##.#.#.#..
....####g##.##.#.#.#..
....(###.##).#.#.#.#.:
(...(gl@.###.#.#.#.#..
..######..##.###.#.#.#
.....[...##)..#.#.#..
#.####........#§#.#..
##.###...#§#.#.. #..#
#...#.#.#.. #.##
##..#.#.#.# #.
##.#.#.#.# ..
#.#.#.#.#


You could see an iguana and 2 gnolls.

Vanquished Creatures
  Sigmund (D:3)
  Menkaure (D:4)
  An ogre (D:4)
  A gnoll sergeant (D:5)
  A crimson imp (D:5)
  A hound (D:4)
  An adder (D:4)
  2 gnolls
  2 oozes
  An adder skeleton (D:5)
  2 worms
  2 giant geckos
  6 orcs
  6 bats
  4 giant cockroaches
  5 hobgoblins
  2 jackals (D:1)
  7 kobolds
  A quokka (D:5)
  6 giant newts
  12 goblins
  A quokka skeleton (D:5)
  7 rats
73 creatures vanquished.

Notes
Turn   | Place    | Note
--------------------------------------------------------------
     0 | D:1      | Goblin1989 the Kobold Hunter began the quest for the Orb.
     0 | D:1      | Reached XP level 1. HP: 12/12 MP: 1/1
   109 | D:1      | Reached XP level 2. HP: 17/19 MP: 2/2
   225 | D:1      | Reached XP level 3. HP: 12/24 MP: 3/3
  1244 | D:2      | Found a glowing golden altar of the Shining One.
  1274 | D:2      | Found a faded altar to an unknown god.
  1425 | D:2      | Reached XP level 4. HP: 30/30 MP: 4/4
  1880 | D:3      | Noticed Sigmund
  1890 | D:3      | Killed Sigmund
  1890 | D:3      | Reached skill level 6 in Fighting
  1890 | D:3      | Reached XP level 5. HP: 32/37 MP: 5/5
  1890 | D:3      | Reached XP level 6. HP: 36/42 MP: 6/6
  2851 | D:4      | Found a snail-covered altar of Cheibriados.
  2858 | D:4      | Became a worshipper of Cheibriados the Contemplative
  2952 | D:4      | Reached skill level 7 in Fighting
  3041 | D:4      | Found a staircase to the Ecumenical Temple.
  3116 | D:4      | Noticed Menkaure
  3124 | D:4      | Killed Menkaure
  3124 | D:4      | Reached skill level 5 in Crossbows
  3124 | D:4      | Reached XP level 7. HP: 14/48 MP: 7/7
  3553 | D:4      | Found a sparkling altar of Nemelex Xobeh.
  3798 | D:4      | Found a basalt altar of Yredelemnul.
  3850 | D:5      | Entered Level 5 of the Dungeon
  4014 | D:5      | Slain by an iguana

Action                   |  1- 3 |  4- 6 |  7- 9 || total
-------------------------+-------+-------+-------++-------
Melee: Short sword       |   105 |   141 |    71 ||   317
 Fire: Hand crossbow     |     4 |    12 |    24 ||    40
  Use: Potion            |       |       |     3 ||     3
 Stab: Sleeping          |     1 |       |       ||     1
  Eat: Chunk             |     5 |     4 |     4 ||    13
       Meat ration       |     1 |       |       ||     1
